 Dungeon Crawl Stone Soup version 0.28.0 (webtiles) character file.

Game seed: 14702201499077366461

8336 Dorkslayer the Cleaver (level 11, -7/102 HPs)
             Began as a Hill Orc Fighter on July 24, 2022.
             Was an Initiate of Gozag.
             Killed by divine providence
             ... invoked by a smoke demon
             ... summoned by a kobold demonologist
              (10 damage)
             ... on level 10 of the Dungeon.
             The game lasted 00:57:39 (9300 turns).

Dorkslayer the Cleaver (Hill Orc Fighter)           Turns: 9300, Time: 00:57:40

Health: -7/102     AC: 14    Str: 22    XL:     11   Next: 29%
Magic:  11/11      EV:  9    Int:  8    God:    Gozag
Gold:   100        SH:  6    Dex: 24    Spells: 10/10 levels left

rFire   + . .      SeeInvis +   o - +0 broad axe
rCold   + . .      Faith    .   c - +0 buckler
rNeg    + . .      Spirit   .   C - +0 chain mail of Grace {rN+ SInv}
rPois   .          Reflect  .   u - +0 helmet
rElec   .          Harm     .   y - scarf {rC+ rF+}
rCorr   .          Rampage  .   (no gloves)
Will    .....                   k - +1 pair of boots
Stlth   ..........              (no amulet)
HPRegen 0.27/turn               E - +6 ring of dexterity
MPRegen 0.12/turn               H - +6 ring of dexterity

@: mighty, hasted, very quick
A: no striking features
a: Renounce Religion, Potion Petition, Call Merchant, Bribe Branch


You were on level 10 of the Dungeon.
You worshipped Gozag.
Gozag was aware of your devotion.
You visited 2 branches of the dungeon, and saw 11 of its levels.

You collected 560 gold pieces.
You spent 285 gold pieces at shops.
You paid 175 gold pieces to Gozag.

Inventory:

Hand Weapons
 a - a +0 war axe
 o - a +0 broad axe (weapon)
Missiles
 b - 2 atropa-tipped darts (quivered)
 D - 21 poisoned darts
 G - 12 boomerangs
Armour
 c - a +0 buckler (worn)
 i - a +0 chain mail
 k - a +1 pair of boots (worn)
 t - a +0 cloak
 u - a +0 helmet (worn)
 y - a scarf of resistance (worn)
 C - the +0 chain mail of Grace (worn) {rN+ SInv}
   (You found it on level 7 of the Dungeon)

   rN:        It protects you from negative energy.
   SInv:      It lets you see invisible.
Jewellery
 E - a +6 ring of dexterity (left hand)
 H - a +6 ring of dexterity (right hand)
Wands
 j - a wand of paralysis (1)
 p - a wand of digging (3)
 w - a wand of flame (25)
 A - a wand of mindburst (5)
Scrolls
 m - 2 scrolls of enchant armour
 n - 2 scrolls of blinking
 r - 4 scrolls of teleportation
 s - 3 scrolls of fog
 v - 2 scrolls of summoning
 x - a scroll of amnesia
Potions
 e - 2 potions of haste
 f - 2 potions of mutation
 g - a potion of flight
 h - a potion of resistance
 l - a potion of cancellation
 q - a potion of magic {unknown}
 B - 2 potions of brilliance


   Skills:
 * Level 11.0 Fighting
 + Level 13.4 Axes
 + Level 1.5 Throwing
 + Level 7.5 Armour
 + Level 2.2 Dodging
 + Level 2.4 Stealth
 + Level 5.0 Shields
 * Level 6.6 Evocations


You had 10 spell levels left.
You didn't know any spells.
Your spell library contained the following spells:

 Spells                   Type           Power      Damage    Failure   Level
 Beastly Appendage        Tmut           0%         N/A       98%         1
 Summon Small Mammal      Summ           0%         N/A       98%         1
 Wereblood                Tmut           0%         N/A       99%         2
 Call Canine Familiar     Summ           0%         N/A       100%        3
 Ignite Poison            Fire/Tmut/Pois 0%         N/A       100%        3
 Mephitic Cloud           Conj/Pois/Air  0%         N/A       100%        3
 Ozocubu's Armour         Ice            0%         N/A       100%        3
 Spider Form              Tmut/Pois      0%         N/A       100%        3
 Stone Arrow              Conj/Erth      0%         3d7       100%        3
 Summon Guardian Golem    Hex/Summ       0%         N/A       100%        3
 Animate Armour           Summ/Erth      0%         N/A       100%        4
 Freezing Cloud           Conj/Ice/Air   0%         6-21      100%        5
 Ozocubu's Refrigeration  Ice            0%         4d5       100%        7
 Lehudib's Crystal Spear  Conj/Erth      0%         10d2      100%        8
 Chain Lightning          Conj/Air       0%         N/A       100%        9
 Fire Storm               Conj/Fire      0%         5d1       100%        9
 Shatter                  Erth           0%         3d5*      100%        9


Dungeon Overview and Level Annotations

Branches:
Dungeon (10/15)            Temple (1/1) D:6            Lair (0/6) D:9
    Orc: D:9-12

Altars:
Ashenzari
Dithmenos
Elyvilon
Fedhas
Gozag
Hepliaklqana
Kikubaaqudgha
Makhleb
Nemelex Xobeh
Qazlal
Ru
Sif Muna
Uskayaw
Vehumet
Wu Jian
Xom
Yredelemnul
Zin
The Shining One

Shops:
D:5 *   D:7 !


Message History

The quasit disappears in a puff of smoke!
The wolf bites you.
* * * LOW HITPOINT WARNING * * *
The chaos spawn is distracted by your dazzling golden aura.
The wolf bites you but does no damage.
You barely miss the wolf.
The wolf is almost dead.
The chaos spawn degenerates into a cloud of primal chaos!
The wolf bites you.
* * * LOW HITPOINT WARNING * * *
Aiming: Paralyse
Press: ? - help, Shift-Dir - straight line, f - wolf
Aim: a wolf (almost dead, chance to affect: 65%)
The wolf struggles to resist.
You block the wolf's attack. The wolf bites you.
* * * LOW HITPOINT WARNING * * *
The kobold demonologist casts a spell.
Unknown command.
The kobold demonologist mumbles some strange words.
The wolf bites you.
* * * LOW HITPOINT WARNING * * *
The wolf bites you but does no damage. The wolf barely misses you.
You block the wolf's attack. The wolf bites you.
* * * LOW HITPOINT WARNING * * *
The wolf bites you!
* * * LOW HITPOINT WARNING * * *
You feel better. The wolf bites you but does no damage.
The smoke demon gestures at you. Something smites you!
* * * LOW HITPOINT WARNING * * *
The wolf closely misses you. The wolf bites you but does no damage.
The white imp disappears in a puff of smoke!
The wolf bites you but does no damage.
You feel yourself speed up. The smoke demon gestures at you.
Something smites you!
You die...
Your body crumbles into a pile of gold.

## ####. #...
#..# ###..#
##.#..##### #
#.....#...#.#
##.##<.# .. #
#.##@##.##.#
#.##h.......
#.##.##.##.#
#.###...#.#
#.# #....# #.#
#3#### #.# #K#
####.###4#####
#............#


You could see an orange demon (summoned), a kobold demonologist, a smoke demon
(summoned) and a wolf.

Vanquished Creatures
  A two-headed ogre (D:9)
  The ghost of AmazingTV the Protected, a novice MiFi of Okawaru (D:9)
  A deep elf pyromancer (D:9)
  A troll (D:9)
  Prince Ribbit (D:6)
  Eustachio (D:6)
  15 yaks
  A wraith (D:10)
  Grum (D:10)
  Duvessa (D:6)
  The ghost of DrBrontosaurus the Ruffian, an amateur TrMo of Dithmenos (D:3)
  A necrophage (D:5)
  3 sky beasts
  2 black bears
  4 ice beasts
  2 ogres
  2 wolves
  3 centaurs
  2 phantoms
  3 kobold brigands
  A bullfrog (D:6)
  2 scorpions
  A water moccasin skeleton (D:4)
  Dowan (D:6)
  2 electric eels (D:9)
  5 howler monkeys
  2 centaur zombies
  10 hounds
  A gnoll shaman (D:7)
  A jelly (D:5)
  Crazy Yiuf (D:6)
  A bullfrog skeleton (D:6)
  A bullfrog zombie (D:7)
  5 orc priests
  A centaur skeleton (D:4)
  Terence (D:3)
  2 iguanas
  An orc wizard (D:4)
  2 howler monkey zombies
  17 gnolls
  10 adders
  A white imp (D:7)
  An ufetubus (D:6)
  2 worms (D:3)
  3 dart slugs
  30 orcs
  4 bats
  5 endoplasms
  2 giant cockroaches
  7 hobgoblins
  19 jackals
  11 kobolds
  5 quokkas
  6 ball pythons
  3 frilled lizards (D:1)
  4 goblins
  8 rats
226 creatures vanquished.

Vanquished Creatures (others)
  A plant (D:4)
1 creature vanquished.

Grand Total: 227 creatures vanquished

Notes
Turn   | Place    | Note
-------+----------+-------------------------------------------
     0 | D:1      | Dorkslayer the Hill Orc Fighter began the quest for the
                  | Orb.
     0 | D:1      | Reached XP level 1. HP: 19/19 MP: 1/1
   160 | D:1      | Reached XP level 2. HP: 26/27 MP: 2/2
   528 | D:1      | Reached skill level 3 in Axes
   731 | D:2      | Reached XP level 3. HP: 27/33 MP: 3/3
  1492 | D:3      | Reached skill level 1 in Dodging
  1553 | D:3      | Reached XP level 4. HP: 29/40 MP: 4/4
  1665 | D:3      | Noticed Terence
  1675 | D:3      | Killed Terence
  1676 | D:3      | Reached skill level 4 in Axes
  1785 | D:3      | Found a sparkling altar of Nemelex Xobeh.
  1847 | D:3      | Found a runed translucent gate.
  1864 | D:3      | Found a runed translucent gate.
  1864 | D:3      | Noticed DrBrontosaurus's ghost (amateur TrMo)
  1865 | D:3      | Found a runed translucent gate.
  2236 | D:3      | Reached XP level 5. HP: 28/46 MP: 5/5
  2412 | D:3      | Found a faded altar of an unknown god.
  2638 | D:3      | Killed DrBrontosaurus's ghost
  2639 | D:3      | Reached skill level 1 in Evocations
  2644 | D:3      | Reached skill level 5 in Axes
  2730 | D:4      | Reached XP level 6. HP: 53/53 MP: 6/6
  3203 | D:4      | Reached skill level 5 in Fighting
  3407 | D:4      | Reached XP level 7. HP: 60/61 MP: 7/7
  3442 | D:4      | Reached skill level 6 in Axes
  3720 | D:4      | Found a sacrificial altar of Ru.
  4148 | D:4      | Reached skill level 7 in Axes
  4606 | D:5      | Entered Level 5 of the Dungeon
  4613 | D:5      | Reached skill level 5 in Armour
  4618 | D:5      | Reached XP level 8. HP: 59/70 MP: 8/8
  4708 | D:5      | Found Ehissel's Fire Supplies.
  4758 | D:5      | Reached skill level 8 in Axes
  4903 | D:5      | Reached skill level 1 in Throwing
  5630 | D:6      | Noticed a yak
  5644 | D:6      | Reached skill level 9 in Axes
  5675 | D:6      | Killed a yak
  5676 | D:6      | Reached skill level 1 in Stealth
  5676 | D:6      | Reached XP level 9. HP: 39/79 MP: 9/9
  5876 | D:6      | Noticed Dowan
  5877 | D:6      | Noticed Duvessa
  5886 | D:6      | Killed Duvessa
  5895 | D:6      | Killed Dowan
  5949 | D:6      | Noticed Eustachio
  5960 | D:6      | Killed Eustachio
  6134 | D:6      | Found a runed translucent door.
  6135 | D:6      | Noticed Crazy Yiuf
  6147 | D:6      | Killed Crazy Yiuf
  6291 | D:6      | Reached skill level 10 in Axes
  6374 | D:6      | Found a glowing golden altar of the Shining One.
  6375 | D:6      | Found a glowing silver altar of Zin.
  6376 | D:6      | Found a white marble altar of Elyvilon.
  6583 | D:6      | Noticed Prince Ribbit
  6608 | D:6      | Killed Prince Ribbit
  6615 | D:6      | Found a staircase to the Ecumenical Temple.
  6621 | Temple   | Entered the Ecumenical Temple
  6821 | D:7      | Found Wuroquix's Distillery.
  6997 | D:7      | Reached skill level 11 in Axes
  7108 | D:7      | Identified the +0 chain mail of Grace {rN+ SInv}
  7204 | D:7      | Reached XP level 10. HP: 90/90 MP: 10/10
  7318 | D:7      | Bought a potion of resistance for 150 gold pieces
  7318 | D:7      | Bought a potion of heal wounds for 75 gold pieces
  7318 | D:7      | Bought a potion of might for 60 gold pieces
  7374 | D:8      | Noticed a four-headed hydra
  7378 | D:8      | Reached skill level 5 in Evocations
  7926 | D:8      | Reached skill level 12 in Axes
  8230 | D:9      | Found an opulent altar of Gozag.
  8328 | D:9      | Found a runed translucent door.
  8329 | D:9      | Noticed AmazingTV's ghost (novice MiFi)
  8398 | D:9      | Killed AmazingTV's ghost
  8419 | D:9      | Found a staircase to the Lair.
  8601 | D:9      | Noticed a deep elf pyromancer
  8614 | D:9      | Killed a deep elf pyromancer
  8615 | D:9      | Reached skill level 10 in Fighting
  8838 | D:9      | Noticed a two-headed ogre
  8848 | D:9      | Reached skill level 13 in Axes
  8855 | D:9      | Killed a two-headed ogre
  8856 | D:9      | Reached skill level 5 in Shields
  8856 | D:9      | Reached XP level 11. HP: 69/101 MP: 11/11
  9051 | D:9      | Became a worshipper of Gozag Ym Sagoz the Greedy
  9238 | D:10     | Entered Level 10 of the Dungeon
  9251 | D:10     | Noticed Grum
  9278 | D:10     | Killed Grum
  9294 | D:10     | HP: 5/102 [wolf[Grum] (8)]
  9296 | D:10     | HP: 2/102 [smoke demon/divine providence[a kobold
                  | demonologist] (12)]
  9300 | D:10     | Killed from afar by a smoke demon

Illustrated notes

Levels and vault maps discovered:
D:1:      minmay_arrival_four_circles, layout_loops_ring, serial_glass,
          glass_columns_a, glass_columns_a, glass_columns_a, glass_columns_c,
          glass_columns_a, glass_columns_b, minivault_24,
          hangedman_decor_growths
D:2:      layout_loops_ring, nrook_campfire
D:3:      layout_loops_cross, nemelex_diamond_rough_becter,
          gammafunk_ghost_split, basic_ecumenical_altar,
          amcnicky_mini_corridor_feature, chequers_serial_rivers_large_a,
          uniq_terence
D:4:      lemuel_castle_with_subvaults [lemuel_castle_interior_carwin_2],
          layout_loops_corners, kennysheep_mini
D:5:      layout_loops_ring, nicolae_shop_fire_sale [nicolae_sub_dead_trees],
          kennysheep_pointless_box, corner_web_ring
D:6:      layout_loops_cross, good_gods_temple_1, minmay_temple_entry_fiery,
          minmay_circle_x, uniq_duvessa, uniq_prince_ribbit1, uniq_eustachio,
          uniq_crazy_yiuf_cottage
D:7:      layout_cave_pools, serial_shops, nicolae_shop_hallway_plus
D:8:      layout_loops_ring, st_stairs_14, serial_bayou_pond_d
D:9:      layout_irregular_city, kennysheep_mini_moat, erik_lair_island,
          ebering_ghost_reflecting_pool, guppyfry_early_elven_hall
D:10:     layout_loops_ring, bloody_trog, chei_slow_surprise,
          lemuel_coloured_pillars_altar, orc_0_dummy, enter_bailey_7,
          serial_shops, nicolae_shop_crystal, uniq_grum
Temple:   nicolae_temple_figure_eight

Skill      XL: |  1  2  3  4  5  6  7  8  9 10 11 |
---------------+----------------------------------+-----
Axes           | 3 4 5 7 9 11 13 | 13.4
Fighting       | 4 5 6 7 8 10 11 | 11.0
Dodging        | 1 2 |  2.2
Armour         | 4 5 6 7 |  7.5
Evocations     | 1 2 3 4 6 |  6.6
Shields        | 4 5 |  5.0
Throwing       | 1 |  1.5
Stealth        | 1 2 |  2.4

Action                   |  1- 3 |  4- 6 |  7- 9 | 10-12 || total
-------------------------+-------+-------+-------+-------++-------
Melee: War axe           |   105 |   154 |   180 |       ||   439
       Broad axe         |       |       |   181 |   182 ||   363
Throw: Dart              |       |    17 |     6 |     2 ||    25
Evoke: Wand              |       |       |    17 |    18 ||    35
  Use: Scroll            |       |     6 |     9 |     2 ||    17
       Potion            |       |     2 |     1 |     7 ||    10
 Stab: Invisible         |       |     1 |       |       ||     1
       Paralysed         |       |       |    10 |       ||    10
Armor: Scale mail        |    17 |       |       |       ||    17
       Chain mail        |    31 |    96 |   234 |    85 ||   446
Dodge: Dodged            |    47 |    62 |   108 |    62 ||   279
Block: Buckler           |    16 |    31 |    66 |    56 ||   169
